 Dungeon Crawl Stone Soup version 0.31-a0-263-ge8cad7f256 (webtiles) character file.

Game seed: 1133658069638764430

791 qw the Skirmisher (level 7, -4/60 HPs)
             Began as a Minotaur Hexslinger on July 13, 2023.
             Was an Initiate of Okawaru.
             Killed from afar by Dowan (14 damage)
             ... with a shard of ice
             ... on level 5 of the Dungeon.
             The game lasted 00:01:17 (3378 turns).

qw the Skirmisher (Minotaur Hexslinger)             Turns: 3378, Time: 00:01:17

Health: -4/60      AC:  7    Str: 10    XL:     7   Next: 57%
Magic:  5/7        EV: 13    Int: 10    God:    Okawaru [......]
Gold:   41         SH:  0    Dex: 15    Spells: 7/8 levels left

rFire   . . .        Y - +1 sling (freeze)
rCold   . . .        (no shield)
rNeg    . . .        h - +0 ring mail
rPois   .            (helmet unavailable)
rElec   .            (no cloak)
rCorr   .            (no gloves)
SInv    .            a - +0 pair of boots
Will    .....        (no amulet)
Stlth   ++           (no ring)
HPRegen 0.30/turn    (no ring)
MPRegen 0.10/turn

%: no passive effects
@: heroic
A: horns 3, retaliatory headbutt, mutation resistance 1, passive freeze, weak 1
a: Renounce Religion


You were on level 5 of the Dungeon.
You worshipped Okawaru.
Okawaru was noncommittal.
You visited 1 branch of the dungeon, and saw 5 of its levels.

You collected 191 gold pieces.
You spent 150 gold pieces at shops.


Innate Abilities, Weirdness & Mutations

You have a pair of large horns on your head.
You reflexively headbutt those who attack you in melee.
You are somewhat resistant to further mutation.
A frigid envelope surrounds you and freezes all who hurt you.
You are weak. (Str -2)


   Skills:
 - Level 4.5(9.5) Fighting
 - Level 8.4(13.4) Ranged Weapons
 + Level 1.0(6.0) Armour
 - Level 2.1(7.1) Dodging
 - Level 1.0 Spellcasting
 - Level 2.0 Hexes
 - Level 0.6 Invocations


You had 7 spell levels left.
You knew the following spells:

 Your Spells              Type           Power      Damage    Failure   Level
a - Slow                  Hex            16%        N/A       34%         1

Your spell library contained the following spells:

 Spells                   Type           Power      Damage    Failure   Level
 Inner Flame              Hex/Fire       2%         N/A       83%         3
 Portal Projectile        Hex/Tloc       4%         N/A       83%         3
 Cause Fear               Hex            2%         N/A       98%         4

Inventory:

Hand Weapons
 i - a +2 antimagic shortbow
 Y - a +1 sling of freezing (weapon)
Armour
 a - a +0 pair of boots (worn)
 h - a +0 ring mail (worn)
Scrolls
 g - a scroll of identify
Potions
 b - a potion of haste
 c - a potion of curing {unknown}
 d - a potion of resistance {unknown}
 e - a potion of mutation

Dungeon Overview and Level Annotations

Branches:
Dungeon (5/15)
 Temple: D:4-7

Altars:
Cheibriados
Hepliaklqana
Okawaru
Qazlal
Sif Muna
Trog
Uskayaw
Vehumet
Zin
The Shining One

Shops:
D:4 (

Annotations:
D:5 Dowan


Message History

Duvessa hits you with a +0 rapier.
Duvessa is very cold.
Duvessa is heavily wounded.
You shoot a sling bullet. The sling bullet barely misses Duvessa.
Duvessa hits you with a +0 rapier!
Duvessa is very cold.
Duvessa is severely wounded.
You shoot a sling bullet. The sling bullet barely misses Duvessa.
You shoot a sling bullet. The sling bullet barely misses Duvessa.
Duvessa hits you with a +0 rapier.
Duvessa is very cold.
Duvessa is almost dead.
Dowan points at Duvessa and mumbles some strange words.
Duvessa seems to speed up.
You shoot a sling bullet. The sling bullet hits Duvessa.
The sling bullet freezes Duvessa.
You kill Duvessa!
Okawaru accepts your kill.
You can now gain great but temporary skills.
Dowan screams, "No!
No!"
Dowan seems to find hidden reserves of power!
Dowan hits you but does no damage.
Dowan is very cold.
Dowan is lightly wounded.
Dowan barely misses you.
Your Ranged Weapons skill increases to level 8!
3374 ||| INVOKING Heroism.
You gain the combat prowess of a mighty hero.
You can no longer gain great but temporary skills.
Dowan mumbles some strange words.
Dowan blinks!
You shoot a sling bullet. The sling bullet hits Dowan.
The sling bullet freezes Dowan.
Dowan is moderately wounded.
You shoot a sling bullet.
The sling bullet hits Dowan but does no damage.
Dowan is moderately wounded.
You shoot a sling bullet. The sling bullet closely misses Dowan.
You shoot a sling bullet. The sling bullet hits Dowan.
The sling bullet freezes Dowan.
Dowan is moderately wounded.
Dowan casts a spell at you. The shard of ice hits you!
You die...

... #)# .... #.#
.... #.# # .....
#.# ###. ...##.#
..... ....#
......+########..##
.......e).........#
..$...##@.##..##..#
..ee. ##....####.#
.... ##..## ##.#
..c #..# ##..# ..
###..###...# e
.........#.#
.........#.#
###..###...# #..#
##..#


You could see Dowan (fast).

Vanquished Creatures
  Grinder (D:3)
  Duvessa (D:5)
  A centaur (D:5)
  An ogre (D:4)
  Blork the orc (D:4)
  A jelly (D:4)
  A sleepcap (D:4)
  Ijyb (D:3)
  2 iguanas
  An adder (D:4)
  3 gnolls
  An ufetubus (D:4)
  A worm (D:1)
  4 dart slugs
  An orc (D:4)
  6 ball pythons
  5 bats
  9 endoplasms
  2 giant cockroaches
  12 goblins
  7 hobgoblins
  7 jackals
  2 quokkas (D:1)
  4 frilled lizards
  6 kobolds
  3 rats
84 creatures vanquished.

Notes
Turn   | Place    | Note
-------+----------+-------------------------------------------
     0 | D:1      | qw the Minotaur Hexslinger began the quest for the Orb.
     0 | D:1      | Reached XP level 1. HP: 16/16 MP: 1/1
     0 | D:1      | 0 ||| qw: Version: 0.3-a-52-g30416fa
     0 | D:1      | 0 ||| qw: Game counter: 7435
     0 | D:1      | 0 ||| qw: Melee chars always use a shield: true
     0 | D:1      | 0 ||| qw: God list: Okawaru
     0 | D:1      | 0 ||| qw: Allow faded altars: false
     0 | D:1      | 0 ||| qw: Do Orc after clearing Dungeon:15 true
     0 | D:1      | 0 ||| qw: Do second Lair branch before Depths: true
     0 | D:1      | 0 ||| qw: Lair rune preference: random
     0 | D:1      | 0 ||| qw: Goals: Normal
     0 | D:1      | 0 ||| PLANNING D:1-11
    56 | D:1      | Reached skill level 3 in Ranged Weapons
    56 | D:1      | Reached XP level 2. HP: 20/23 MP: 2/2
   428 | D:1      | Reached XP level 3. HP: 29/29 MP: 3/3
   551 | D:1      | 551 ||| READING scroll labelled XAFUOH GIMN.
   552 | D:1      | 552 ||| READING 2 scrolls labelled ZAENWA VOETIL.
   553 | D:1      | 553 ||| DRINKING 2 sapphire potions.
   554 | D:1      | 554 ||| DRINKING 2 smoky dark potions.
   554 | D:1      | Gained mutation: You are weak. (Str -2) [potion of
                  | mutation]
   554 | D:1      | Gained mutation: A frigid envelope surrounds you and
                  | freezes all who hurt you. [potion of mutation]
   554 | D:1      | Gained mutation: You have a pair of large horns on your
                  | head. [potion of mutation]
   554 | D:1      | Gained mutation: You are somewhat resistant to further
                  | mutation. [potion of mutation]
   555 | D:1      | 555 ||| DROPPING scroll of poison.
   556 | D:1      | 556 ||| DROPPING potion of degeneration.
   846 | D:2      | Reached skill level 4 in Ranged Weapons
  1156 | D:2      | 1156 ||| UPGRADING to +0 pair of boots.
  1161 | D:2      | 1161 ||| READING 2 scrolls of identify.
  1161 | D:2      | 1161 ||| IDENTIFYING red potion
  1162 | D:2      | 1162 ||| DROPPING potion of berserk rage.
  1275 | D:3      | Found a snail-covered altar of Cheibriados.
  1278 | D:3      | Found a hazy altar of Hepliaklqana.
  1279 | D:3      | Found a glowing silver altar of Zin.
  1279 | D:3      | Found a stormy altar of Qazlal.
  1279 | D:3      | Found a shimmering blue altar of Sif Muna.
  1279 | D:3      | Found a bloodstained altar of Trog.
  1279 | D:3      | Found a glowing golden altar of the Shining One.
  1280 | D:3      | Found a hide-covered altar of Uskayaw.
  1281 | D:3      | Found an iron altar of Okawaru.
  1282 | D:3      | 1282 ||| PLANNING OKAWARU WORSHIP
  1285 | D:3      | Became a worshipper of Warmaster Okawaru
  1286 | D:3      | 1286 ||| PLANNING D:1-11
  1287 | D:3      | Found a radiant altar of Vehumet.
  1447 | D:3      | Reached XP level 4. HP: 36/36 MP: 4/4
  1610 | D:3      | Noticed Grinder
  1633 | D:3      | Killed Grinder
  1634 | D:3      | Reached skill level 6 in Ranged Weapons
  1634 | D:3      | Reached XP level 5. HP: 34/41 MP: 5/5
  1634 | D:3      | Reached XP level 6. HP: 40/48 MP: 6/6
  1672 | D:3      | Found a faded altar of an unknown god.
  1672 | D:3      | Noticed Ijyb
  1682 | D:3      | Killed Ijyb
  1687 | D:3      | 1687 ||| FLEEEEING.
  1710 | D:3      | 1710 ||| FLEEEEING.
  1711 | D:3      | 1711 ||| FLEEEEING.
  1712 | D:3      | 1712 ||| FLEEEEING.
  1919 | D:3      | 1919 ||| UPGRADING to +0 ring mail.
  1929 | D:3      | 1929 ||| DROPPING +0 robe.
  1930 | D:3      | 1930 ||| READING scroll labelled SOONGO XAFOR.
  1944 | D:4      | 1944 ||| STAIRDANCE
  1948 | D:3      | Reached skill level 1 in Armour
  2007 | D:4      | 2007 ||| STAIRDANCE
  2049 | D:4      | 2049 ||| STAIRDANCE
  2126 | D:4      | 2126 ||| STAIRDANCE
  2181 | D:4      | 2181 ||| STAIRDANCE
  2228 | D:4      | 2228 ||| STAIRDANCE
  2276 | D:4      | 2276 ||| STAIRDANCE
  2308 | D:4      | 2308 ||| STAIRDANCE
  2381 | D:4      | Reached skill level 3 in Fighting
  2638 | D:4      | Reached * piety under Okawaru
  2883 | D:4      | Noticed Blork the orc
  2884 | D:4      | 2884 ||| INVOKING Heroism.
  2887 | D:4      | Killed Blork the orc
  2999 | D:4      | Reached skill level 7 in Ranged Weapons
  2999 | D:4      | Reached XP level 7. HP: 53/60 MP: 7/7
  3062 | D:4      | 3062 ||| INVOKING Heroism.
  3104 | D:4      | Found Garphakuer's Antique Weapon Shop.
  3107 | D:4      | 3107 ||| BUYING glowing shortbow (150 gold).
  3107 | D:4      | Bought a glowing shortbow for 150 gold pieces
  3262 | D:4      | 3262 ||| READING scroll labelled URE UFEMIN CYS.
  3265 | D:4      | 3265 ||| READING scroll labelled ILIENADW TEINO.
  3266 | D:4      | 3266 ||| READING 2 scrolls of identify.
  3266 | D:4      | 3266 ||| IDENTIFYING brown potion
  3285 | D:5      | Entered Level 5 of the Dungeon
  3360 | D:5      | Noticed Duvessa
  3361 | D:5      | 3361 ||| Stepping ~*~*~tactically~*~*~ (outnumbered).
  3364 | D:5      | Noticed Dowan
  3365 | D:5      | 3365 ||| Stepping ~*~*~tactically~*~*~ (outnumbered).
  3370 | D:5      | HP: 10/60 [Duvessa/+0 rapier (10)]
  3373 | D:5      | Killed Duvessa
  3374 | D:5      | Reached skill level 8 in Ranged Weapons
  3374 | D:5      | 3374 ||| INVOKING Heroism.
  3378 | D:5      | Killed from afar by Dowan

Levels and vault maps discovered:
D:1:      dpeg_arrival_rhombus, layout_rooms, corexii_item_surrounded_by_moat,
          minmay_misc_feat_x, nicolae_wormholes
D:2:      layout_loops_ring
D:3:      layout_loops_ring, minitemple, chequers_ecumenical_altar_simple_redux,
          nicolae_twisty_statue_hallways, uniq_grinder, uniq_ijyb
D:4:      layout_basic, serial_shops, nicolae_shop_real_fake_doors,
          kennysheep_small_spiral, uniq_blork_the_orc
D:5:      layout_basic, palyth_stone_intersect, uniq_duvessa

Skill      XL: |  1  2  3  4  5  6  7 |
---------------+----------------------+-----
Ranged Weapons | 3 4 6 7 8 |  8.4
Fighting       | 2 4 |  4.5
Armour         | 1 |  1.0
Dodging        | |  2.1
Spellcasting   | |  1.0
Hexes          | |  2.0
Invocations    | |  0.6

Action                     |  1- 3 |  4- 6 |  7- 9 || total
---------------------------+-------+-------+-------++-------
   Fire: Sling             |   118 |    87 |    34 ||   239
 Invoke: Heroism           |       |     1 |     2 ||     3
    Use: Scroll            |     3 |     1 |     3 ||     7
         Potion            |     2 |       |       ||     2
 Armour: Robe              |     7 |     1 |       ||     8
         Ring mail         |       |     6 |     3 ||     9
  Dodge: Dodged            |    22 |    24 |     5 ||    51

Table legend:
 A = Non-vault XP
 B = Vault XP
 C = Vault XP percentage of total XP
 D = Non-vault monster count
 E = Vault monster count
 F = Vault count percentage of total count
                 A         B        C        D         E       F
            +---------+---------+-------+---------+---------+-------
      Total |     574 |     557 |  49.2 |      79 |       5 |   6.0
            +---------+---------+-------+---------+---------+-------
        D:1 |      37 |       6 |  14.0 |      20 |       1 |   4.8
        D:2 |      29 |       0 |   0.0 |      17 |       0 |   0.0
        D:3 |      53 |     313 |  85.5 |      23 |       2 |   8.0
        D:4 |     304 |      91 |  23.0 |      17 |       1 |   5.6
        D:5 |     151 |     147 |  49.3 |       2 |       1 |  33.3
            +---------+---------+-------+---------+---------+-------
